 Dungeon Crawl Stone Soup version 0.30-a0-613-gdd512c7efb (webtiles) character file.

Game seed: 16788225034999611245

53 greasedhog the Trooper (level 3, -1/24 HPs)
             Began as a Gargoyle Chaos Knight on Jan 9, 2023.
             Was a Plaything of Xom.
             Slain by a gnoll
             ... wielding a +0 flail
              (10 damage)
             ... on level 2 of the Dungeon.
             The game lasted 00:01:07 (961 turns).

greasedhog the Trooper (Gargoyle Chaos Knight)       Turns: 961, Time: 00:01:07

Health: -1/24      AC:  8    Str: 17    XL:     3   Next: 87%
Magic:  3/3        EV: 11    Int: 12    God:    Xom [..*...]
Gold:   66         SH:  0    Dex:  9    Spells: 2/2 levels left

rFire   . . .      SeeInvis .    a - +0 mace (chaos)
rCold   . . .      Faith    .    (no shield)
rNeg    + . .      Spirit   .    b - +2 leather armour
rPois   ∞          Reflect  .    (no helmet)
rElec   +          Harm     .    (no cloak)
rCorr   .          Rampage  .    (no gloves)
Will    .....                    (no boots)
Stlth   +                        (no amulet)
HPRegen 0.24/turn                (no ring)
MPRegen 0.08/turn                (no ring)

@: no status effects
A: sickness immunity, AC +3, negative energy resistance 1, electricity
resistance, torment resistance 1, petrification resistance
a: Renounce Religion


You were on level 2 of the Dungeon.
You worshipped Xom.
You were a toy of Xom.
You visited 1 branch of the dungeon, and saw 2 of its levels.

You collected 66 gold pieces.

Inventory:

Hand Weapons
 a - a +0 mace of chaos (weapon)
Armour
 b - a +2 leather armour (worn)
Scrolls
 f - a scroll of teleportation {unknown}
 i - a scroll of blinking {unknown}
 k - a scroll of identify {unknown}
 l - a scroll of acquirement {unknown}
 m - a scroll of silence {unknown}
Potions
 d - 2 potions of might {unknown}
 e - a potion of ambrosia {unknown}
 g - a potion of brilliance {unknown}
 h - a potion of lignification {unknown}
 j - 3 potions of curing {unknown}
Miscellaneous
 c - a piece from Xom's chessboard (15/15) (quivered)


   Skills:
 * Level 4.0 Fighting
 * Level 3.6 Maces & Flails
 - Level 2.1 Armour
 * Level 1.7 Dodging


You had 2 spell levels left.
You didn't know any spells.
Your spell library was empty.

Dungeon Overview and Level Annotations

Branches:
Dungeon (2/15)

Altars:


Innate Abilities, Weirdness & Mutations

You are immune to sickness and miasma.
Your stone body is resilient. (AC +3)
You are immune to poison.
You resist negative energy. (rN+)
You are resistant to electric shocks. (rElec)
You are resistant to unholy torment.
You are immune to petrification.


Message History

You now have 66 gold pieces (gained 4).
m - a scroll labelled OLLOPS KISI
There is an open door here.
Found a robe.
You open the door.
A gnoll comes into view. It is wielding a +0 flail.
The gnoll shouts!
Found a bubbling blue potion.
A frilled lizard and a quokka come into view.
The frilled lizard hisses angrily.
There is an open door here.
The gnoll hits you with a +0 flail!
You barely miss the gnoll. The quokka closely misses you.
The gnoll hits you with a +0 flail. The quokka bites you.
You are too injured to fight recklessly!
You are too injured to fight recklessly!
You are too injured to fight recklessly!
The gnoll attacks as you move away! The gnoll closely misses you.
There is an open door here.
The quokka attacks as you move away! The quokka barely misses you.
You closely miss the frilled lizard. The frilled lizard bites you.
The frilled lizard closely misses you.
You closely miss the frilled lizard. The frilled lizard closely misses you.
You barely miss the frilled lizard.
The frilled lizard bites you but does no damage.
You sock the frilled lizard! You burn the frilled lizard.
You kill the frilled lizard!
You hit the gnoll.
The gnoll is moderately wounded.
The gnoll misses you.
You hit the gnoll.
The gnoll suddenly seems more agile.
Xom is amused.
The gnoll is heavily wounded.
The gnoll barely misses you.
The quokka twitches its whiskers.
The gnoll hits you with a +0 flail.
You hit the gnoll. You burn the gnoll.
The gnoll is almost dead.
The gnoll hits you with a +0 flail!
You die...

#.......# #...
#.......###.#.
#.......#.....
##.....###.###
##.†.##...#
#######+#######'##..###
...................##
...................#
.[......@.......)..#
######g#######'####
#.r.# ##...##
#.....###.....##
#.......#.......#
#.......#.......#
#...!...#.......#
##.....###.....##
##...## ##...##


You could see a gnoll (agile) and a quokka.

Vanquished Creatures
  A gnoll (D:1)
  An adder (D:2)
  A dart slug (D:1)
  2 bats (D:1)
  5 endoplasms (D:1)
  2 giant cockroaches (D:1)
  3 goblins (D:1)
  2 hobgoblins (D:1)
  A quokka (D:2)
  3 ball pythons
  4 frilled lizards
  2 kobolds (D:1)
  3 rats (D:1)
30 creatures vanquished.

Notes
Turn   | Place    | Note
-------+----------+-------------------------------------------
     0 | D:1      | greasedhog the Gargoyle Chaos Knight began the quest for
                  | the Orb.
     0 | D:1      | Reached XP level 1. HP: 14/14 MP: 1/1
    18 | D:1      | XOM: butterfly on damage
    21 | D:1      | Reached skill level 1 in Dodging
    21 | D:1      | Reached XP level 2. HP: 5/19 MP: 2/2
   226 | D:1      | XOM: divination: detect creatures
   232 | D:1      | Reached XP level 3. HP: 19/24 MP: 3/3
   456 | D:1      | XOM: divination: detect creatures
   813 | D:2      | XOM: stealth player
   831 | D:2      | Reached skill level 4 in Fighting
   961 | D:2      | Slain by a gnoll

Illustrated notes

Levels and vault maps discovered:
D:1:      lemuel_arrival_cross, layout_basic
D:2:      kennysheep_six_static_rooms, layout_loops_ring, dk_noncrumbling_3,
          uniq_sigmund

Skill      XL: |  1  2  3 |
---------------+----------+-----
Dodging        | 1 |  1.7
Fighting       | 4 |  4.0
Maces & Flails | |  3.6
Armour         | |  2.1

Action                   || total
-------------------------++-------
Melee: Mace              ||    77
 Stab: Sleeping          ||     2
Armor: Leather armour    ||    26
Dodge: Dodged            ||    43

Table legend: (Time is in decaauts)
 A = Elapsed time spent in this place.
 B = Non-inter-level travel time spent in this place.
 C = Inter-level travel time spent in this place.
 D = Time resting spent in this place.
 E = Time spent auto-exploring this place.
 F = Levels seen in this place.
 G = Mean time per level.
                   A        B        C        D        E       F      G
               +--------+--------+--------+--------+--------+-----+--------+
         Total |    977 |    966 |     11 |     60 |    705 |   2 |  488.5 |
       Dungeon |    977 |    966 |     11 |     60 |    705 |   2 |  488.5 |
               +--------+--------+--------+--------+--------+-----+--------+

Top non-repeatable levels by time:
     D:1: 826 daAuts
     D:2: 151 daAuts
